 Dungeon Crawl Stone Soup version 0.17-a0-776-gd86b262 (webtiles) character file.

67 Lokkij the Slasher (level 3, 0/24 HPs)
             Began as a High Elf Warper on Apr 24, 2015.
             Slain by a gnoll
             ... wielding a +0 spear
              (5 damage)
             ... on level 2 of the Dungeon.
             The game lasted 00:02:52 (2275 turns).

Lokkij the Slasher (High Elf Warper)                Turns: 2275, Time: 00:02:52

Health: 0/24       AC:  3    Str: 10    XL:     3   Next: 98%
Magic:  7/7        EV: 12    Int: 23    God:
Gold:   81         SH:  0    Dex: 14    Spells: 3 memorised, 1 level left

rFire  . . .     SeeInvis .     a - +0 falchion
rCold  . . .     Clarity  .     b - +0 leather armour
rNeg   . . .     SustAb   .     (no shield)
rPois  .         Gourm    .     (no helmet)
rElec  .         Spirit   .     (no cloak)
rCorr  .         Warding  .     (no gloves)
rMut   .         Stasis   .     (no boots)
MR     .....                    (no amulet)
Stlth  +.........               (no ring)
                                (no ring)

@: brilliant, not resistant to hostile enchantments, very unstealthy
A: no striking features
a: no special abilities


You were on level 2 of the Dungeon.
You were hungry.

You visited 1 branch of the dungeon, and saw 2 of its levels.

You collected 81 gold pieces.

Inventory:

Hand weapons
 a - a +0 falchion (weapon)
Missiles
 e - 5 tomahawks of dispersal (quivered)
Armour
 b - a +0 leather armour (worn)
Scrolls
 d - 2 scrolls of blinking
 h - 2 scrolls of remove curse {unknown}
 k - a scroll of noise {unknown}
 m - a scroll of identify {unknown}
 n - a scroll of teleportation {unknown}
Potions
 j - a potion of haste {unknown}
 o - a potion of agility {unknown}
 p - a potion of heal wounds {unknown}
 q - a potion of curing {unknown}
Books
 c - a book of Spatial Translocations

   Spells                             Type                      Level
   a - Apportation                    Translocation                1
   b - Blink                          Translocation                2
   c - Shroud of Golubria             Charms/Translocation         2
   d - Portal Projectile              Translocation                3
   e - Teleport Other                 Translocation                3
   f - Passage of Golubria            Translocation                4
Comestibles
 f - a bread ration
 l - a meat ration
 r - 2 fruits


   Skills:
 - Level 2.0 Fighting
 * Level 4.5 Long Blades
 - Level 1.1 Throwing
 - Level 0.8 Armour
 - Level 2.1 Dodging
 - Level 2.4 Spellcasting
 + Level 4.0 Translocations


You had one spell level left.
You knew the following spells:

 Your Spells              Type           Power        Failure   Level  Hunger
a - Apportation           Tloc           #####.....   1%          1    None
b - Shroud of Golubria    Chrm/Tloc      ####......   1%          2    ##.....
c - Blink                 Tloc           N/A          1%          2    ##.....


Dungeon Overview and Level Annotations

Branches:
Dungeon (2/15)

Altars:


Message History

The gnoll hits you with a halberd!
Ouch! That really hurt!
Your shroud falls apart!
You hit the gnoll.
The gnoll is severely wounded.
The gnoll hits you with a halberd.
* * * LOW HITPOINT WARNING * * *
You hit the gnoll.
The gnoll is almost dead.
The gnoll misses you.
You hit the gnoll.
You kill the gnoll!
Drink which item? (? for menu, Esc to quit)
It was a potion of magic.
Magic courses through your body. The gnoll completely misses you.
Drink which item? (? for menu, Esc to quit)
It was a potion of brilliance.
You feel clever all of a sudden.
The gnoll hits you from afar with a spear.
You die...

#.### ##....)## #
#.#.## ##.......#
#....####.........#
#.......'.....<...+
#
#....####.........#
#.#.## ##.......#
#.### ##.....#
#...♣♣♣♣♣♣♣♣♣..#
#.#......@gg.+#
#.##♣♣♣♣♣♣♣♣♣g# #.#
#)# #.# #g# #.# .g.
... ..... #..
#....## . ..#.##
#.....


You could see 3 gnolls.

Vanquished Creatures
  3 adders (D:2)
  A gnoll (D:2)
  2 giant geckos (D:1)
  4 hobgoblins (D:1)
  3 jackals (D:1)
  2 kobolds (D:1)
  5 bats
  A giant newt (D:1)
  5 goblins
  5 rats
31 creatures vanquished.

Notes
Turn   | Place    | Note
--------------------------------------------------------------
     0 | D:1      | Lokkij, the High Elf Warper, began the quest for the Orb.
     0 | D:1      | Reached XP level 1. HP: 14/14 MP: 4/4
   555 | D:1      | Reached XP level 2. HP: 10/19 MP: 6/6
   775 | D:1      | Learned a level 2 spell: Shroud of Golubria
  1291 | D:2      | Learned a level 2 spell: Blink
  1373 | D:2      | Reached XP level 3. HP: 10/24 MP: 5/7
  1575 | D:2      | Reached skill level 4 in Long Blades
  2275 | D:2      | Slain by a gnoll

Action                   || total
-------------------------++-------
Melee: Falchion          ||   121
 Cast: Shroud of Golubri ||     2
  Use: Potion            ||     2
 Stab: Sleeping          ||     2
  Eat: Chunk             ||     3
       Fruit             ||     1
